[ AOE2 MATCH · #506819709 ]
UnrankedTeutons vs Bengalis
Player's team · WIN
Rival team · LOSS
[ REPLAY ANALYSIS · EXTRACTED FROM THE RECORDED GAME ]
Feudal
8:25
Castle
25:25
Imperial
—
| APM avg | 68.7 |
| APM peak | 143 |
| eAPM avg | 33.3 |
| Villagers / military | 109 / 42 |
Focus
⚔️ 30.6% · 🌾 69.4%
Knight ×28 · Archer ×12 · Scout Cavalry ×2
Feudal
9:21
Castle
27:54
Imperial
—
| APM avg | 47.0 |
| APM peak | 110 |
| eAPM avg | 21.6 |
| Villagers / military | 101 / 85 |
Focus
⚔️ 43.5% · 🌾 56.5%
Archer ×76 · Militia ×7 · Skirmisher ×2
Match map
Initial resources + every placement click. Lines = walls · curves = elevation contours. ◆ gold · ⬟ stone · ● berries · ✦ relic · ◌ wall gap
Your base· Open — opponent sealed themselves in
SlateRS's base· ✓ Closed at 27:54 · 13t walls · no gate
Smoothed initial terrain · ◌ = detected wall gap · hover for details
Inputs per minute
— [OGL] antibiyotik - - SlateRS
Build order — [OGL] antibiyotik
First 150 of 268 actions detected
| 0:00 | Queue | Villager (Male) |
| 0:00 | Queue | Villager (Male) |
| 0:01 | Queue | Villager (Male) |
| 0:02 | Build | House |
| 0:16 | Queue | Villager (Male) |
| 0:16 | Queue | Villager (Male) |
| 1:10 | Queue | Villager (Male) |
| 1:10 | Queue | Villager (Male) |
| 1:18 | Build | House |
| 1:20 | Build | House |
| 2:04 | Queue | Villager (Male) |
| 2:04 | Queue | Villager (Male) |
| 2:16 | Queue | Villager (Male) |
| 2:17 | Queue | Villager (Male) |
| 2:43 | Build | Lumber Camp |
| 2:50 | Queue | Villager (Male) |
| 2:50 | Queue | Villager (Male) |
| 2:50 | Queue | Villager (Male) |
| 3:30 | Queue | Villager (Male) |
| 3:31 | Queue | Villager (Male) |
| 3:31 | Queue | Villager (Male) |
| 3:35 | Queue | Villager (Male) |
| 3:35 | Queue | Villager (Male) |
| 3:59 | Queue | Villager (Male) |
| 4:23 | Queue | Villager (Male) |
| 4:29 | Queue | Villager (Male) |
| 4:29 | Queue | Villager (Male) |
| 4:48 | Build | Mining Camp |
| 4:54 | Build | Palisade Wall |
| 4:56 | Build | Palisade Wall |
| 5:24 | Research | Loom |
| 5:55 | Research | Feudal Age |
| 6:45 | Build | House |
| 6:49 | Queue | Villager (Male) |
| 8:05 | Queue | Villager (Male) |
| 8:05 | Queue | Villager (Male) |
| 8:25 | Age | Feudal Age |
| 9:02 | Queue | Villager (Male) |
| 9:02 | Queue | Villager (Male) |
| 9:22 | Build | Watch Tower |
| 10:04 | Queue | Villager (Male) |
| 10:05 | Queue | Villager (Male) |
| 10:17 | Build | Palisade Wall |
| 11:24 | Build | Watch Tower |
| 11:26 | Queue | Villager (Male) |
| 11:26 | Queue | Villager (Male) |
| 11:32 | Queue | Villager (Male) |
| 11:43 | Build | Barracks |
| 11:47 | Build | House |
| 11:51 | Build | House |
| 12:41 | Queue | Villager (Male) |
| 12:41 | Queue | Villager (Male) |
| 13:03 | Build | House |
| 13:05 | Queue | Villager (Male) |
| 13:05 | Queue | Villager (Male) |
| 13:37 | Queue | Villager (Male) |
| 13:37 | Queue | Villager (Male) |
| 13:45 | Build | Archery Range |
| 13:50 | Build | House |
| 14:08 | Queue | Villager (Male) |
| 14:08 | Queue | Villager (Male) |
| 15:05 | Queue | Villager (Male) |
| 15:08 | Queue | Archer |
| 15:08 | Queue | Archer |
| 15:11 | Build | Mining Camp |
| 15:11 | Queue | Villager (Male) |
| 15:14 | Queue | Villager (Male) |
| 15:14 | Queue | Villager (Male) |
| 15:46 | Queue | Villager (Male) |
| 15:52 | Research | Double-Bit Axe |
| 15:55 | Build | Mill |
| 16:24 | Queue | Villager (Male) |
| 16:53 | Build | Farm |
| 16:53 | Build | Farm |
| 16:53 | Build | Farm |
| 16:53 | Build | Farm |
| 16:54 | Build | Farm |
| 16:54 | Build | Farm |
| 17:02 | Queue | Archer |
| 17:22 | Build | Farm |
| 17:24 | Build | Farm |
| 17:28 | Build | Farm |
| 17:33 | Queue | Villager (Male) |
| 17:34 | Queue | Villager (Male) |
| 17:36 | Build | Farm |
| 17:41 | Queue | Archer |
| 17:46 | Build | Farm |
| 17:54 | Build | House |
| 17:56 | Build | House |
| 18:13 | Build | Farm |
| 18:19 | Queue | Villager (Male) |
| 18:24 | Queue | Archer |
| 18:25 | Build | House |
| 18:27 | Build | House |
| 18:33 | Queue | Villager (Male) |
| 18:35 | Queue | Archer |
| 18:38 | Build | Farm |
| 18:40 | Build | Farm |
| 18:45 | Queue | Archer |
| 18:46 | Queue | Archer |
| 19:09 | Build | Blacksmith |
| 19:13 | Queue | Archer |
| 19:14 | Queue | Villager (Male) |
| 19:22 | Build | Farm |
| 19:23 | Build | Farm |
| 19:24 | Build | Farm |
| 19:26 | Queue | Villager (Male) |
| 19:29 | Build | House |
| 19:37 | Queue | Villager (Male) |
| 19:40 | Queue | Archer |
| 20:00 | Research | Fletching |
| 20:20 | Queue | Archer |
| 20:20 | Queue | Archer |
| 20:38 | Build | Farm |
| 20:40 | Queue | Villager (Male) |
| 20:44 | Research | Padded Archer Armor |
| 20:53 | Queue | Villager (Male) |
| 20:55 | Build | Farm |
| 20:56 | Build | Farm |
| 20:57 | Build | Farm |
| 21:03 | Queue | Villager (Male) |
| 21:08 | Queue | Villager (Male) |
| 21:13 | Build | Farm |
| 21:16 | Build | Farm |
| 21:19 | Build | Farm |
| 21:34 | Build | Archery Range |
| 21:43 | Build | Stable |
| 21:53 | Build | Stable |
| 22:02 | Queue | Villager (Male) |
| 22:38 | Research | Castle Age |
| 22:39 | Research | Castle Age |
| 22:51 | Research | Horse Collar |
| 22:52 | Research | Gold Mining |
| 23:42 | Research | Bloodlines |
| 23:46 | Research | Scale Barding Armor |
| 23:57 | Queue | Scout Cavalry |
| 23:57 | Queue | Scout Cavalry |
| 24:03 | Build | Farm |
| 24:07 | Build | Farm |
| 24:08 | Build | Farm |
| 25:02 | Queue | Villager (Male) |
| 25:02 | Queue | Villager (Male) |
| 25:21 | Build | Farm |
| 25:25 | Age | Castle Age |
| 25:28 | Queue | Knight |
| 25:28 | Queue | Knight |
| 25:30 | Build | Town Center |
| 25:34 | Build | Town Center |
| 25:36 | Queue | Knight |
| 25:37 | Queue | Knight |
Build order — SlateRS
First 150 of 269 actions detected
| 0:00 | Queue | Villager (Male) |
| 0:01 | Queue | Villager (Male) |
| 0:01 | Queue | Villager (Male) |
| 0:01 | Queue | Villager (Male) |
| 0:02 | Queue | Villager (Male) |
| 0:03 | Build | House |
| 0:05 | Build | House |
| 1:19 | Queue | Villager (Male) |
| 2:01 | Queue | Villager (Male) |
| 2:06 | Build | Lumber Camp |
| 2:25 | Queue | Villager (Male) |
| 2:25 | Queue | Villager (Male) |
| 2:41 | Queue | Villager (Male) |
| 2:41 | Queue | Villager (Male) |
| 2:56 | Queue | Villager (Male) |
| 2:56 | Queue | Villager (Male) |
| 3:21 | Queue | Villager (Male) |
| 3:21 | Queue | Villager (Male) |
| 3:43 | Queue | Villager (Male) |
| 3:44 | Queue | Villager (Male) |
| 3:50 | Build | House |
| 3:56 | Queue | Villager (Male) |
| 3:57 | Queue | Villager (Male) |
| 4:29 | Queue | Villager (Male) |
| 4:29 | Queue | Villager (Male) |
| 4:39 | Queue | Villager (Male) |
| 4:40 | Queue | Villager (Male) |
| 5:21 | Queue | Villager (Male) |
| 5:21 | Queue | Villager (Male) |
| 5:21 | Queue | Villager (Male) |
| 5:33 | Build | Mill |
| 5:53 | Build | House |
| 6:02 | Research | Loom |
| 6:30 | Build | Barracks |
| 6:58 | Queue | Villager (Male) |
| 7:11 | Research | Feudal Age |
| 7:30 | Queue | Militia |
| 7:30 | Queue | Militia |
| 7:35 | Build | Mining Camp |
| 7:43 | Queue | Militia |
| 7:43 | Queue | Militia |
| 8:00 | Queue | Villager (Male) |
| 8:00 | Queue | Villager (Male) |
| 8:44 | Queue | Militia |
| 8:52 | Queue | Villager (Male) |
| 8:57 | Build | House |
| 9:16 | Queue | Villager (Male) |
| 9:21 | Age | Feudal Age |
| 9:36 | Queue | Villager (Male) |
| 9:56 | Research | Man-at-Arms (upgrade) |
| 10:32 | Build | Archery Range |
| 10:55 | Queue | Villager (Male) |
| 10:55 | Queue | Villager (Male) |
| 11:46 | Queue | Villager (Male) |
| 11:46 | Queue | Villager (Male) |
| 12:03 | Queue | Villager (Male) |
| 12:03 | Queue | Villager (Male) |
| 12:52 | Queue | Villager (Male) |
| 12:52 | Queue | Villager (Male) |
| 13:30 | Queue | Villager (Male) |
| 13:30 | Queue | Villager (Male) |
| 14:04 | Queue | Villager (Male) |
| 14:07 | Queue | Villager (Male) |
| 14:47 | Build | House |
| 14:48 | Queue | Villager (Male) |
| 14:49 | Queue | Villager (Male) |
| 15:20 | Build | House |
| 15:21 | Queue | Militia |
| 15:21 | Queue | Militia |
| 15:43 | Queue | Villager (Male) |
| 15:43 | Queue | Villager (Male) |
| 16:26 | Queue | Skirmisher |
| 16:27 | Queue | Skirmisher |
| 16:33 | Build | Watch Tower |
| 16:41 | Build | Farm |
| 16:42 | Build | Farm |
| 16:44 | Build | Farm |
| 16:46 | Queue | Archer |
| 16:46 | Queue | Archer |
| 16:49 | Build | Farm |
| 16:53 | Build | Farm |
| 17:05 | Build | Farm |
| 17:14 | Build | Farm |
| 17:15 | Build | Farm |
| 17:16 | Build | Farm |
| 17:22 | Queue | Villager (Male) |
| 17:22 | Queue | Villager (Male) |
| 17:31 | Queue | Archer |
| 17:45 | Queue | Villager (Male) |
| 17:45 | Queue | Villager (Male) |
| 18:06 | Queue | Archer |
| 18:13 | Build | Farm |
| 18:13 | Queue | Villager (Male) |
| 18:21 | Queue | Villager (Male) |
| 18:21 | Queue | Villager (Male) |
| 18:40 | Build | House |
| 18:42 | Queue | Villager (Male) |
| 18:43 | Queue | Archer |
| 19:08 | Queue | Villager (Male) |
| 19:18 | Queue | Archer |
| 19:21 | Build | House |
| 19:37 | Queue | Villager (Male) |
| 20:01 | Queue | Archer |
| 20:26 | Queue | Villager (Male) |
| 20:28 | Build | Blacksmith |
| 20:31 | Build | House |
| 20:32 | Queue | Archer |
| 20:32 | Queue | Archer |
| 20:37 | Queue | Villager (Male) |
| 20:38 | Queue | Villager (Male) |
| 20:53 | Build | House |
| 20:55 | Build | House |
| 20:56 | Queue | Archer |
| 20:57 | Queue | Villager (Male) |
| 21:02 | Queue | Villager (Male) |
| 21:09 | Build | Farm |
| 21:19 | Research | Forging |
| 21:19 | Research | Fletching |
| 21:26 | Queue | Archer |
| 21:27 | Queue | Archer |
| 21:28 | Queue | Villager (Male) |
| 21:29 | Queue | Villager (Male) |
| 21:30 | Queue | Villager (Male) |
| 21:34 | Queue | Villager (Male) |
| 21:40 | Build | Farm |
| 21:41 | Queue | Villager (Male) |
| 22:03 | Build | House |
| 22:04 | Build | House |
| 22:25 | Queue | Archer |
| 22:36 | Queue | Archer |
| 22:38 | Queue | Villager (Male) |
| 22:47 | Queue | Villager (Male) |
| 22:55 | Build | Archery Range |
| 23:02 | Queue | Villager (Male) |
| 23:24 | Queue | Archer |
| 23:24 | Queue | Archer |
| 23:43 | Queue | Archer |
| 23:43 | Queue | Archer |
| 23:49 | Queue | Villager (Male) |
| 23:54 | Build | Farm |
| 23:55 | Build | Farm |
| 24:08 | Queue | Archer |
| 24:08 | Queue | Archer |
| 24:38 | Queue | Archer |
| 24:39 | Queue | Archer |
| 25:14 | Research | Castle Age |
| 25:16 | Queue | Villager (Male) |
| 25:16 | Queue | Villager (Male) |
| 25:23 | Build | House |
| 25:30 | Build | Market |
Match timeline
| 4:54 | [OGL] antibiyotik · wall_segment Palisade Wall x1 |
| 4:56 | [OGL] antibiyotik · wall_segment Palisade Wall x1 |
| 6:30 | SlateRS · first_building Barracks |
| 8:25 | [OGL] antibiyotik · age_up feudal |
| 9:21 | SlateRS · age_up feudal |
| 10:17 | [OGL] antibiyotik · wall_segment Palisade Wall x1 |
| 10:32 | SlateRS · first_building Archery Range |
| 11:43 | [OGL] antibiyotik · first_building Barracks |
| 13:45 | [OGL] antibiyotik · first_building Archery Range |
| 21:43 | [OGL] antibiyotik · first_building Stable |
| 25:25 | [OGL] antibiyotik · age_up castle |
| 25:47 | SlateRS · wall_segment Stone Wall x1 |
| 25:50 | SlateRS · wall_segment Stone Wall x1 |
| 25:51 | SlateRS · wall_segment Stone Wall x1 |
| 25:52 | SlateRS · wall_segment Stone Wall x1 |
| 25:54 | SlateRS · wall_segment Stone Wall x1 |
| 25:57 | SlateRS · wall_segment Stone Wall x1 |
| 25:59 | SlateRS · wall_segment Stone Wall x1 |
| 26:02 | SlateRS · wall_segment Stone Wall x1 |
| 26:50 | SlateRS · wall_segment Stone Wall x1 |
| 26:51 | SlateRS · wall_segment Stone Wall x1 |
| 26:53 | SlateRS · wall_segment Stone Wall x1 |
| 26:54 | SlateRS · wall_segment Stone Wall x1 |
| 26:56 | SlateRS · wall_segment Stone Wall x1 |
| 27:54 | SlateRS · age_up castle |
| 30:56 | SlateRS · wall_segment Palisade Wall x1 |
| 30:56 | [OGL] antibiyotik · first_building Castle |
| 31:19 | SlateRS · first_market_sell 100 wood |
| 32:24 | [OGL] antibiyotik · first_building Siege Workshop |
| 33:15 | SlateRS · wall_segment Palisade Wall x1 |
| 33:59 | SlateRS · wall_segment Palisade Wall x1 |
| 34:06 | SlateRS · wall_segment Palisade Wall x1 |
| 34:56 | SlateRS · resign |
[ AI ANALYSIS · 1 CREDIT ]
What really happened in this match?
Wolo.gg analyzes every decision: build order, eco, micro, common mistakes by bracket. Personalized analysis on WhatsApp or Discord in 30 seconds.
Civ guide
Teutons
Perfil
Jugador #5082984